 Dungeon Crawl Stone Soup version 0.28.0-45-g0d030f2227 (webtiles) character file.

Game seed: 4339995409241887216

11968 Peloso the Cleaver (level 11, -1/99 HPs)
             Began as a Minotaur Fighter on Apr 19, 2022.
             Was a High Priest of Okawaru.
             Constricted to death by Jorgrun (6 damage)
             ... on level 12 of the Dungeon.
             The game lasted 00:18:46 (12846 turns).

Peloso the Cleaver (Minotaur Fighter)              Turns: 12846, Time: 00:18:46

Health: -1/99      AC: 16    Str: 26    XL:     11   Next: 56%
Magic:  2/3        EV:  5    Int:  5    God:    Okawaru [*****.]
Gold:   800        SH: 12    Dex: 20    Spells: 10/10 levels left

rFire   x . .      SeeInvis .   c - +9 war axe "Asyc Toa" {antimagic, rPois rF- Str+2 Dex+3}
rCold   . . .      Faith    .   F - +0 kite shield
rNeg    . . .      Spirit   .   J - +0 plate armour
rPois   +          Reflect  .   (helmet restricted)
rElec   .          Harm     .   j - +0 cloak
rCorr   .          Rampage  .   (no gloves)
Will    .....                   (no boots)
Stlth   ..........              (no amulet)
HPRegen 0.26/turn               g - ring of flight
MPRegen 0.08/turn               E - +6 ring of dexterity

@: mighty, grasped by roots, flying, constricted
A: horns 2, retaliatory headbutt
a: Renounce Religion, Heroism, Finesse, Duel


You were on level 12 of the Dungeon.
You worshipped Okawaru.
Okawaru was extremely pleased with you.
You visited 2 branches of the dungeon, and saw 13 of its levels.

You collected 820 gold pieces.
You spent 20 gold pieces at shops.

Inventory:

Hand Weapons
 a - a +1 long sword of holy wrath
 b - a +0 spear of flaming
 c - the +9 war axe "Asyc Toa" (weapon) {antimagic, rPois rF- Str+2 Dex+3}
   (You found it on level 4 of the Dungeon)

   It reduces the magical energy of the wielder, and disrupts the spells and
   magical abilities of those it strikes.
   Natural abilities and divine invocations are not affected.
   Str:       It affects your strength (+2).
   Dex:       It affects your dexterity (+3).
   rF:        It makes you vulnerable to fire.
   rPois:     It protects you from poison.
Missiles
 G - a throwing net (quivered)
Armour
 j - a +0 cloak (worn)
 r - a +0 scale mail
 v - a +0 chain mail
 F - a +0 kite shield (worn)
 J - a +0 plate armour (worn)
Jewellery
 g - a ring of flight (left hand)
 s - an amulet of magic regeneration
 A - a ring of positive energy
 E - a +6 ring of dexterity (right hand)
 H - a ring of resist corrosion
 I - a +6 ring of dexterity
 K - a +4 ring of protection
 R - a ring of fire
Wands
 h - a wand of digging (4)
 B - a wand of iceblast (22)
 D - a wand of paralysis (8)
 N - a wand of flame (29)
 O - a wand of acid (6)
Scrolls
 f - a scroll of teleportation
 k - a scroll of brand weapon
 l - 2 scrolls of blinking
 p - 2 scrolls of acquirement
 q - 2 scrolls of immolation
 t - a scroll of enchant armour
 u - a scroll of fog {unknown}
 y - a scroll of summoning {unknown}
 P - a scroll of enchant weapon {unknown}
 S - a scroll of silence {unknown}
 U - a scroll of identify
Potions
 d - 2 potions of might
 e - 4 potions of curing
 i - 6 potions of heal wounds
 m - 6 potions of flight
 n - 2 potions of resistance
 o - 2 potions of mutation
 x - 3 potions of haste
 z - a potion of invisibility
 C - a potion of brilliance {unknown}
 L - a potion of cancellation {unknown}
 M - 2 potions of magic {unknown}
 Q - 2 potions of lignification {unknown}
 T - a potion of ambrosia {unknown}
Miscellaneous
 w - a piece from Xom's chessboard (15/15)


   Skills:
 + Level 9.8 Fighting
 + Level 8.3 Long Blades
 + Level 12.7 Axes
 + Level 11.1 Armour
 + Level 3.7 Dodging
 + Level 1.1 Stealth
 + Level 8.1 Shields
 + Level 0.8 Invocations


You had 10 spell levels left.
You didn't know any spells.
Your spell library contained the following spells:

 Spells                   Type           Power      Damage    Failure   Level
 Freeze                   Ice            0%         1d3       100%        1
 Shock                    Conj/Air       0%         1d3       100%        1
 Frozen Ramparts          Ice            0%         1d2       100%        3
 Swiftness                Air            0%         N/A       100%        3
 Airstrike                Air            0%         N/A       100%        4
 Anguish                  Hex/Necr       0%         N/A       100%        4
 Hailstorm                Conj/Ice       0%         3d3       100%        4
 Enfeeble                 Hex            0%         N/A       100%        7
 Tukima's Dance           Hex            Unusable   N/A       N/A         3

Dungeon Overview and Level Annotations

Branches:
Dungeon (12/15)            Temple (1/1) D:6             Orc (0/2) D:12
   Lair: D:8-11

Altars:
Fedhas
Gozag
Hepliaklqana
Kikubaaqudgha
Makhleb
Nemelex Xobeh
Okawaru
Qazlal
Ru
Sif Muna
Trog
Uskayaw
Vehumet
Wu Jian
Xom
Zin

Shops:
D:3 *

Annotations:
D:3 1 runed translucent door, Ablot's ghost, amateur GnCK
D:5 1 runed translucent door, Ablot's ghost, amateur GnCK
D:9 1 runed translucent door, CryoSword's ghost, journeyman DgFE
D:12 Jorgrun


Innate Abilities, Weirdness & Mutations

You have a pair of horns on your head.
You reflexively headbutt those who attack you in melee.


Message History

The iron shot hits you!!!
Ouch! That really hurt!
* * * LOW HITPOINT WARNING * * *
Unknown command.
Unknown command.
You hit Jorgrun.
Jorgrun's magic leaks into the air.
Your headbutt misses Jorgrun.
Jorgrun is heavily wounded.
You hit Jorgrun.
Jorgrun's magic leaks into the air.
Jorgrun is heavily wounded.
Jorgrun falters for a moment.
Unknown command.
You don't have enough magic at the moment.
You feel much better.
You feel like a meek peon again.
Jorgrun says, "Tha earth be me home, an' ye be trespassing!"
You block Jorgrun's attack.
You feel very mighty all of a sudden.
Jorgrun points at you and mumbles some strange words.
Roots burst forth from the earth!
The grasping roots grab you! The grasping roots constrict you!
Unknown command.
You slash Jorgrun!
Jorgrun's magic leaks into the air.
You headbutt Jorgrun!
Jorgrun is severely wounded.
Jorgrun falters for a moment.
The grasping roots constrict you!
* * * LOW HITPOINT WARNING * * *
Unknown command.
You slice Jorgrun!!
Jorgrun's magic leaks into the air.
Jorgrun is almost dead.
You block Jorgrun's attack. The grasping roots constrict you.
* * * LOW HITPOINT WARNING * * *
Unknown command.
You slash Jorgrun!
Jorgrun's magic leaks into the air.
Your headbutt misses Jorgrun.
Jorgrun is almost dead.
Jorgrun hits you with a +0 vorpal quarterstaff!
* * * LOW HITPOINT WARNING * * *
x2 The grasping roots constrict you.
You die...

#.......##
#....####
##..#..#
##..###
###......##
#..##
##(........#
.###
...........#
##
...........#
#
.........[.#
.......g..#
#
.......@..#
##
..........#
.##
##......#.#
..##
########.#
...## ##.#
##..## #..#
.##..##
######.##
..##..##
#....#.#
...##..##
#......#


You could see Jorgrun (magic disrupted).

Vanquished Creatures
  A boulder beetle (D:11)
  2 two-headed ogres (D:10)
  An ugly thing (D:12)
  4 cyclopes
  2 trolls (D:11)
  Grinder (D:3)
  5 slime creatures (D:12)
  2 shadows
  A wraith (D:11)
  2 wyverns (D:9)
  A yak (D:10)
  A vampire (D:12)
  2 basilisks (D:12)
  A steam dragon (D:9)
  7 vampire mosquitoes
  5 water moccasins
  3 orc warriors
  An ice beast (D:6)
  A sky beast (D:6)
  4 ogres
  6 centaurs
  3 phantoms
  3 kobold brigands (D:7)
  A wyvern zombie (D:6)
  2 bullfrogs
  3 gnoll sergeants
  A scorpion (D:6)
  3 water moccasin skeletons
  3 killer bees
  3 wights (D:4)
  3 centaur zombies
  2 jellies (D:6)
  Crazy Yiuf (D:3)
  2 hounds (D:5)
  2 orc priests
  A bullfrog skeleton (D:4)
  2 centaur skeletons
  Ijyb (D:3)
  Natasha (thrice) (D:3)
  4 iguanas
  7 orc wizards
  2 hound skeletons
  2 howler monkey zombies
  Robin (D:4)
  11 gnolls
  A howler monkey skeleton (D:7)
  7 adders
  2 shadow imps
  2 white imps
  2 ufetubi
  An adder skeleton (D:3)
  2 worms
  2 dart slugs
  43 orcs
  12 ball pythons
  5 bats
  9 endoplasms
  7 giant cockroaches
  16 goblins
  11 hobgoblins
  6 jackals (D:1)
  6 quokkas
  4 frilled lizards (D:2)
  10 kobolds
  7 rats
274 creatures vanquished.

Vanquished Creatures (others)
  An orc (D:12)
  3 plants (D:2)
4 creatures vanquished.

Grand Total: 278 creatures vanquished

Notes
Turn   | Place    | Note
-------+----------+-------------------------------------------
     0 | D:1      | Peloso the Minotaur Fighter began the quest for the Orb.
     0 | D:1      | Reached XP level 1. HP: 19/19 MP: 0/0
   132 | D:1      | Reached XP level 2. HP: 27/27 MP: 1/1
   373 | D:1      | Found a faded altar of an unknown god.
   515 | D:1      | Reached XP level 3. HP: 33/33 MP: 2/2
  1408 | D:2      | Identified the +0 short sword of Bloody Death {elec, rN+
                  | Int+8 Dex-2}
  1470 | D:2      | Reached XP level 4. HP: 40/40 MP: 3/3
  1476 | D:2      | Reached skill level 1 in Dodging
  1544 | D:2      | Noticed an ogre
  1551 | D:2      | Killed an ogre
  1552 | D:2      | Reached XP level 5. HP: 47/47 MP: 4/4
  1894 | D:3      | Reached skill level 5 in Armour
  2107 | D:3      | Found a runed translucent door.
  2126 | D:3      | Noticed Ablot's ghost (amateur GnCK)
  2134 | D:3      | Noticed Grinder
  2141 | D:3      | Paralysed by Grinder for 3 turns
  2152 | D:3      | Killed Grinder
  2153 | D:3      | Reached skill level 5 in Long Blades
  2153 | D:3      | Reached XP level 6. HP: 15/55 MP: 5/5
  2409 | D:3      | Reached skill level 5 in Fighting
  2562 | D:3      | Found Ipugai Reow's General Store.
  2570 | D:3      | Bought a scroll of identify for 20 gold pieces
  2745 | D:3      | Found a runed translucent door.
  2746 | D:3      | Noticed Crazy Yiuf
  2753 | D:3      | Killed Crazy Yiuf
  2949 | D:3      | Noticed Natasha
  2966 | D:3      | Killed Natasha
  2988 | D:3      | Found a bloodstained altar of Trog.
  3033 | D:3      | Identified a scroll of acquirement
  3047 | D:3      | Noticed Natasha
  3053 | D:3      | Killed Natasha
  3054 | D:3      | Reached XP level 7. HP: 52/61 MP: 6/6
  3105 | D:3      | You are sucked into a shaft and drop 3 floors!
  3194 | D:5      | Entered Level 5 of the Dungeon
  3533 | D:5      | Reached XP level 8. HP: 39/69 MP: 7/7
  4187 | D:4      | Identified the +9 war axe "Asyc Toa" {antimagic, rPois rF-
                  | Str+2 Dex+3}
  4235 | D:4      | Noticed Ijyb
  4244 | D:4      | Reached skill level 5 in Shields
  4248 | D:3      | Killed Ijyb
  4261 | D:4      | Noticed Robin
  4270 | D:4      | Killed Robin
  4275 | D:4      | Reached skill level 1 in Axes
  4309 | D:4      | Reached skill level 2 in Axes
  4309 | D:4      | Reached skill level 1 in Stealth
  4497 | D:3      | Noticed Natasha
  4502 | D:3      | Killed Natasha
  4544 | D:4      | Found a shimmering altar of Xom.
  4605 | D:4      | Reached skill level 3 in Axes
  4963 | D:5      | Found a runed translucent door.
  4968 | D:5      | Noticed Ablot's ghost (amateur GnCK)
  5417 | D:5      | Found a blossoming altar of Fedhas.
  5547 | D:6      | Reached skill level 4 in Axes
  5688 | D:6      | Reached skill level 5 in Axes
  5688 | D:6      | Reached XP level 9. HP: 58/78 MP: 2/8
  5871 | D:6      | Reached skill level 6 in Axes
  6069 | D:6      | Found a staircase to the Ecumenical Temple.
  6083 | Temple   | Entered the Ecumenical Temple
  6089 | Temple   | Became a worshipper of Warmaster Okawaru
  6534 | D:7      | Found a sacrificial altar of Ru.
  6614 | D:7      | Reached skill level 7 in Axes
  6828 | D:7      | Reached * piety under Okawaru
  6843 | D:7      | Identified the +1 ring mail of Jili {rC+}
  6976 | D:7      | Found a glowing silver altar of Zin.
  7178 | D:8      | Noticed a four-headed hydra
  7235 | D:9      | Found a runed translucent door.
  7235 | D:9      | Noticed CryoSword's ghost (journeyman DgFE)
  7248 | D:9      | Reached skill level 8 in Axes
  7722 | D:9      | Reached ** piety under Okawaru
  7883 | D:9      | Reached XP level 10. HP: 62/88 MP: 3/9
  8014 | D:9      | Found an ornate altar of the Wu Jian Council.
  8315 | D:10     | Entered Level 10 of the Dungeon
  8345 | D:10     | Reached skill level 9 in Axes
  8431 | D:10     | Noticed a two-headed ogre
  8441 | D:10     | Killed a two-headed ogre
  8618 | D:10     | Noticed a two-headed ogre
  8627 | D:10     | Killed a two-headed ogre
  8627 | D:10     | Reached *** piety under Okawaru
  8628 | D:10     | Reached skill level 10 in Axes
  9589 | D:10     | Found a stormy altar of Qazlal.
  9762 | D:10     | Found a burning altar of Makhleb.
 10120 | D:11     | Noticed a boulder beetle
 10149 | D:11     | Killed a boulder beetle
 10150 | D:11     | Reached skill level 10 in Armour
 10474 | D:11     | Reached skill level 11 in Axes
 10497 | D:11     | Reached **** piety under Okawaru
 10500 | D:11     | Reached XP level 11. HP: 64/95 MP: 3/10
 11096 | D:12     | Reached ***** piety under Okawaru
 11468 | D:12     | Reached skill level 12 in Axes
 11483 | D:12     | Found a staircase to the Orcish Mines.
 11527 | D:12     | Noticed a white ugly thing
 11534 | D:12     | Killed a white ugly thing
 12436 | D:12     | Found an opulent altar of Gozag.
 12825 | D:12     | Noticed Jorgrun
 12846 | D:12     | Constricted to death by Jorgrun

Illustrated notes

Levels and vault maps discovered:
D:1:      heliophobic_arrival_henge, layout_loops_corners,
          chequers_ecumenical_altar_island, corexii_leaking_fountain
D:2:      layout_basic, supply_closet_lemuel, guppyfry_early_lair_pool
D:3:      layout_loops_ring, trog_butcher_becter, ebering_ghost_reflecting_pool,
          serial_shops, nicolae_lakefront_shop, uniq_natasha, uniq_grinder,
          uniq_crazy_yiuf_cottage
D:4:      layout_cave_pools, xom_butterflies, chequers_serial_rivers_micro_d,
          uniq_ijyb, uniq_robin
D:5:      layout_basic, kennysheep_mini, ebering_ghost_sewer_d
D:6:      layout_loops_ring, minmay_temple_entry_large_hall,
          kennysheep_nondescript
D:7:      layout_rooms, nicolae_ru_sacrificial_ziggurat, zin_treasury,
          minmay_unpleasant_kobolds
D:8:      cheibrodos_barr_body, layout_gridville, marbit_many_paths,
          minmay_lair_entry_grove
D:9:      layout_irregular_city, pdpol_wu_jian_five_deadly_venoms,
          hellmonk_ghost_happy_afterlife, st_stairs_12
D:10:     layout_stronghold, overflow_temple_1_default,
          nicolae_qazlal_scattered_showers, st_stairs_10
D:11:     layout_rooms
D:12:     layout_cave_pods, hiddenorc2_lemuel, nicolae_gozag_seed_capital,
          uniq_jorgrun
Temple:   cyrus_circular_temple

Skill      XL: |  1  2  3  4  5  6  7  8  9 10 11 |
---------------+----------------------------------+-----
Fighting       | 4 5 6 7 8 9 |  9.8
Armour         | 4 5 6 7 8 10 11 | 11.1
Long Blades    | 3 4 5 7 8 |  8.3
Dodging        | 1 2 3 |  3.7
Shields        | 4 5 7 8 |  8.1
Axes           | 5 8 11 12 | 12.7
Stealth        | 1 |  1.1
Invocations    | |  0.8

Action                   |  1- 3 |  4- 6 |  7- 9 | 10-12 || total
-------------------------+-------+-------+-------+-------++-------
Melee: Long sword        |    93 |    90 |    72 |       ||   255
       Headbutt          |     9 |    16 |    41 |    58 ||   124
       War axe           |       |       |   145 |   249 ||   394
Invok: Heroism           |       |       |       |     3 ||     3
Evoke: Wand              |       |       |     1 |       ||     1
  Use: Scroll            |       |     6 |     9 |     1 ||    16
       Potion            |       |       |       |     4 ||     4
Armor: Scale mail        |    51 |    27 |    39 |       ||   117
       Chain mail        |       |       |    27 |       ||    27
       Plate armour      |       |       |    42 |   121 ||   163
Dodge: Dodged            |    49 |    43 |   124 |    84 ||   300
Block: Buckler           |    21 |     8 |    46 |       ||    75
       Kite shield       |       |       |    53 |   130 ||   183
